[Event "ICC tourney 2150 (70 10)"]
[Site "Internet Chess Club"]
[Date "2020.11.21"]
[Round "2"]
[White "cayo89"]
[Black "goodcrowdchess"]
[Result "1-0"]
[ICCResult "Black resigns"]
[WhiteElo "1620"]
[BlackElo "1659"]
[Opening "Queen's pawn, Mason variation"]
[ECO "D00"]
[NIC "QP.08"]
[Time "16:02:43"]
[TimeControl "4200+10"]

1. d4 d5 2. Bf4 Nf6 3. e3 e6 4. Nd2 c5 5. c3 Nc6 6. Bd3 Bd6 7. Bg3 O-O 8.
Ngf3 b6 9. e4 dxe4 10. Nxe4 Nxe4 11. Bxe4 Bb7 12. dxc5 Bxc5 13. Qc2 f5 14.
Bd3 Qf6 15. O-O h6 16. b4 Be7 17. b5 Nd8 18. Be5 Qg6 19. Kh1 Nf7 20. Rg1
Rac8 21. Bd4 Bd6 22. Rae1 Ng5 23. Nxg5 hxg5 24. Be5 Bc5 25. Qe2 g4 26. Bg3
Rce8 27. Qe5 Qh6 28. Bc4 Bc8 29. Bf4 g5 30. Be3 f4 31. Bxc5 bxc5 32. Rgf1
Kf7 33. Qf5+ Kg7 34. Qxg4 e5 35. Qf3 Rh8 36. h3 g4 37. Qc6 Qxc6 38. bxc6
gxh3 39. g3 f3 40. Re3 e4 41. Rd1 h2 42. Bf1 Rh6 43. Rd5 Rxc6 44. Bb5 Rh6
45. Bxe8 Bh3 46. Rh5 Bg2+ 47. Kxh2 Rb6 48. g4 Rb2 49. Kg3 Rxa2 50. Rxc5 a5
51. Rxe4 a4 {Black resigns} 1-0

[Event "ICC tourney 2150 (70 10)"]
[Site "Internet Chess Club"]
[Date "2020.11.21"]
[Round "2"]
[White "wahoo"]
[Black "QueensRule"]
[Result "0-1"]
[ICCResult "White checkmated"]
[WhiteElo "1744"]
[BlackElo "1662"]
[Opening "French: classical variation"]
[ECO "C14"]
[NIC "FR.06"]
[Time "16:01:58"]
[TimeControl "4200+10"]

1. e4 e6 2. d4 d5 3. Nc3 Nf6 4. Bg5 Be7 5. e5 Nfd7 6. Bxe7 Qxe7 7. Nf3 a6 8.
Bd3 c5 9. dxc5 Nxc5 10. Be2 Nc6 11. a3 Nd7 12. O-O Ndxe5 13. Nxe5 Nxe5 14.
Qd4 Qf6 15. Rad1 Nd7 16. Qe3 O-O 17. Bd3 Ne5 18. Be2 b5 19. f4 Nc4 20. Bxc4
bxc4 21. f5 Bb7 22. fxe6 Qxe6 23. Qd4 Rad8 24. Rf3 Rfe8 25. Rdf1 Re7 26. Rg3
Qe5 27. Qg4 g6 28. Qh4 d4 29. Nd1 Rdd7 30. c3 Bc6 31. Rh3 f5 32. Rg3 Bb5 33.
Rgf3 d3 34. a4 Qc5+ 35. Kh1 Bxa4 36. Qg3 Re5 37. Ne3 d2 38. Rxf5 Rxf5 39.
Nxf5 Qxf5 40. Rg1 d1=Q 41. h3 Qd6 42. Qe3 Qfe5 43. Qxe5 Qxe5 44. b4 Rd1 45.
b5 axb5 46. h4 Qe3 47. Rxd1 Bxd1 48. h5 Bc2 49. hxg6 hxg6 50. Kh2 Be4 51.
Kh1 Qe2 52. Kh2 Qxg2# {White checkmated} 0-1

[Event "ICC tourney 2150 (70 10)"]
[Site "Internet Chess Club"]
[Date "2020.11.21"]
[Round "2"]
[White "zhang01"]
[Black "steve-patterson"]
[Result "0-1"]
[ICCResult "White resigns"]
[WhiteElo "1323"]
[BlackElo "1834"]
[Opening "Sicilian: Smith-Morra gambit"]
[ECO "B21"]
[NIC "SI.48"]
[Time "16:01:55"]
[TimeControl "4200+10"]

1. e4 c5 2. d4 cxd4 3. c3 d3 4. Bxd3 Nc6 5. Nf3 Qc7 6. Be3 Nf6 7. Nbd2 g6 8.
h3 Bg7 9. O-O O-O 10. Nb3 b6 11. Nfd2 Bb7 12. f3 Nh5 13. Re1 Ne5 14. Be2 Ng3
15. Bf2 Nh5 16. Nd4 Rad8 17. Nb5 Qb8 18. Nd4 d5 19. Qc2 dxe4 20. Nxe4 Nf4
21. Be3 Nxe2+ 22. Rxe2 Nc4 23. Bf2 e5 24. Nb3 f5 25. Ned2 Nd6 26. Rd1 e4 27.
fxe4 Nxe4 28. Nxe4 Bxe4 29. Qc1 Qb7 30. Bd4 Rd7 31. Bxg7 Rxd1+ 32. Qxd1 Kxg7
33. Rd2 Rf7 34. Nd4 Qd5 35. Nb3 Qe5 36. Nd4 h5 37. Re2 Qd5 38. Qb3 Qxb3 39.
Nxb3 Rd7 40. Rd2 Rxd2 41. Nxd2 Kf6 42. Nxe4+ fxe4 43. Kf2 Kf5 44. Ke3 g5 45.
g3 b5 46. b3 Ke5 47. a3 Kd5 48. g4 h4 49. Kd2 a5 50. Ke3 a4 51. b4 Kc4 52.
Kxe4 Kb3 53. Kd4 Kxa3 54. c4 Kxb4 55. c5 a3 56. c6 a2 57. c7 a1=Q+ 58. Kd5
Qa8+ 59. Kd6 Qc8 60. Kc6 Kc4 61. Kb6 b4 62. Kc6 b3 63. Kd6 b2 {White
resigns} 0-1

[Event "ICC tourney 2150 (70 10)"]
[Site "Internet Chess Club"]
[Date "2020.11.21"]
[Round "2"]
[White "MariusC"]
[Black "atevifred"]
[Result "0-1"]
[ICCResult "White resigns"]
[WhiteElo "1760"]
[BlackElo "1894"]
[Opening "Caro-Kann: classical variation"]
[ECO "B18"]
[NIC "CK.10"]
[Time "16:01:50"]
[TimeControl "4200+10"]

1. e4 c6 2. d4 d5 3. Nc3 dxe4 4. Nxe4 Bf5 5. Ng3 Bg6 6. Nf3 h6 7. Bd3 Bxd3
8. Qxd3 e6 9. O-O Nd7 10. Ne4 Be7 11. Bf4 Ndf6 12. Nfd2 Nxe4 13. Nxe4 Nf6
14. Nxf6+ Bxf6 15. c3 O-O 16. Qg3 Kh8 17. Bc7 Qd7 18. Be5 Bxe5 19. Qxe5 Rad8
20. f4 Qe7 21. f5 f6 22. Qe2 Rfe8 23. Rae1 e5 24. Rf3 Qd7 25. Re3 Qxf5 26.
dxe5 fxe5 27. Rxe5 Rxe5 28. Qxe5 Qc2 29. Re2 Qb1+ 30. Re1 Qxb2 31. Qe7 Qd2
32. Re2 Qd7 33. Qxd7 Rxd7 34. Kf2 Kg8 35. Ke1 Kf7 36. Rd2 Re7+ 37. Kd1 Ke6
38. Re2+ Kd6 39. Rxe7 Kxe7 40. Kc2 Kd6 41. Kd3 Kd5 42. h4 h5 43. a3 b5 44.
Ke3 Kc4 45. Kf4 Kxc3 46. Kg5 Kb3 47. Kxh5 c5 48. Kg6 c4 49. Kxg7 c3 50. h5
c2 51. h6 c1=Q 52. h7 Qc3+ 53. Kg8 Qg3+ {White resigns} 0-1

[Event "ICC tourney 2150 (70 10)"]
[Site "Internet Chess Club"]
[Date "2020.11.21"]
[Round "3"]
[White "QitianDasheng"]
[Black "VinG"]
[Result "0-1"]
[ICCResult "White resigns"]
[WhiteElo "222"]
[BlackElo "1553"]
[Opening "Evans gambit: 5...Be7"]
[ECO "C51"]
[NIC "IG.05"]
[Time "19:35:52"]
[TimeControl "4200+10"]

1. e4 e5 2. Nf3 Nc6 3. Bc4 Bc5 4. b4 Bxb4 5. c3 Be7 6. d4 d6 7. Qb3 Na5 8.
Bxf7+ Kf8 9. Qa4 Kxf7 10. Qxa5 exd4 11. cxd4 c6 12. Qh5+ g6 13. Ng5+ Kg7 14.
Qh4 h6 15. Bb2 hxg5 16. d5+ Bf6 17. Qxg5 Rh5 18. Qd2 Bxb2 19. Qxb2+ Qf6 20.
Nc3 cxd5 21. exd5 Re5+ 22. Kf1 b6 23. Rd1 Ba6+ 24. Kg1 Re2 {White resigns}
0-1

[Event "ICC tourney 2150 (70 10)"]
[Site "Internet Chess Club"]
[Date "2020.11.21"]
[Round "3"]
[White "tidalwave09"]
[Black "wahoo"]
[Result "0-1"]
[ICCResult "White checkmated"]
[WhiteElo "1609"]
[BlackElo "1773"]
[Opening "QGD: Charousek (Petrosian) variation"]
[ECO "D31"]
[NIC "QP.08"]
[Time "19:35:52"]
[TimeControl "4200+10"]

1. d4 d5 2. c4 e6 3. Nc3 Be7 4. cxd5 exd5 5. Nf3 Nf6 6. Bg5 Nc6 7. e3 h6 8.
Bh4 Be6 9. Bd3 O-O 10. O-O a6 11. a3 Rb8 12. b4 Bg4 13. h3 Bh5 14. b5 axb5
15. Nxb5 Ne4 16. Be2 Bxh4 17. Nxh4 Bxe2 18. Qxe2 Qxh4 19. Nxc7 Rfd8 20. a4
Rd6 21. a5 Rc8 22. Nb5 Rg6 23. Kh1 Ne7 24. Qb2 Nf5 25. Na7 Rf8 26. Qxb7
Nxf2+ 27. Rxf2 Qxf2 28. Qxd5 Nxe3 29. Qe4 Rxg2 30. Qe5 Rg3 31. Qe4 Rxh3#
{White checkmated}
0-1

[Event "ICC tourney 2150 (70 10)"]
[Site "Internet Chess Club"]
[Date "2020.11.21"]
[Round "3"]
[White "pierrehj"]
[Black "NL008"]
[Result "1-0"]
[ICCResult "Black checkmated"]
[WhiteElo "1800"]
[BlackElo "1510"]
[Opening "QGD: Tarrasch defense"]
[ECO "D32"]
[NIC "TD.10"]
[Time "19:36:51"]
[TimeControl "4200+10"]

1. d4 d5 2. c4 e6 3. Nc3 c5 4. Nf3 Nc6 5. dxc5 d4 6. Ne4 Bxc5 7. Bd2 Bb6 8.
b4 a6 9. a4 Nf6 10. Nxf6+ Qxf6 11. Bg5 Qg6 12. c5 Ba7 13. e3 f6 14. Bf4 dxe3
15. Rb1 exf2+ 16. Kxf2 Nxb4 17. Bd6 Nd5 18. Bd3 Qh6 19. Re1 Nc3 20. Qb3 Nxb1
21. Rxe6+ Kd7 22. Re7+ Kd8 23. Qd5 Nc3 24. Qf7 Bb8 25. Rc7 Nd1+ 26. Ke1 Qe3+
27. Kxd1 Qxd3+ 28. Ke1 Qe3+ 29. Kf1 Qd3+ 30. Kf2 Qc2+ 31. Kg3 Qg6+ 32. Qxg6
hxg6 33. Rxg7 Bxd6+ 34. cxd6 Bf5 35. Nd4 Rb8 36. h3 Ke8 37. Kf4 Rh4+ 38. g4
Kf8 39. Rc7 Rxh3 40. gxf5 g5+ 41. Ke4 Re8+ 42. Ne6+ Kg8 43. Rxb7 Rh4+ 44.
Kd5 Rxa4 45. d7 Ra8 46. d8=Q+ Rxd8+ 47. Nxd8 Ra5+ 48. Ke6 g4 49. Kxf6 Ra4
50. Rg7+ Kf8 51. Ne6+ Ke8 52. Re7# {Black checkmated} 1-0

[Event "ICC tourney 2150 (70 10)"]
[Site "Internet Chess Club"]
[Date "2020.11.21"]
[Round "3"]
[White "Erky"]
[Black "MacAndSneeze"]
[Result "0-1"]
[ICCResult "White checkmated"]
[WhiteElo "1642"]
[BlackElo "1572"]
[Opening "King's Indian: 4.e4"]
[ECO "E70"]
[NIC "KI.31"]
[Time "19:35:46"]
[TimeControl "4200+10"]

1. d4 Nf6 2. c4 g6 3. Nc3 Bg7 4. e4 d6 5. Bd3 O-O 6. Nge2 e5 7. d5 a5 8. f3
Na6 9. a3 Nc5 10. Bc2 Nfd7 11. Be3 f5 12. O-O f4 13. Bf2 g5 14. h3 h5 15.
Nc1 b6 16. Nd3 Nf6 17. Bxc5 bxc5 18. Nf2 Kf7 19. Ba4 Rh8 20. Nh1 g4 21. hxg4
hxg4 22. fxg4 Nxg4 23. Qe2 Rxh1+ 24. Kxh1 Qh4+ 25. Kg1 Qh2# {White
checkmated} 0-1

[Event "ICC tourney 2150 (70 10)"]
[Site "Internet Chess Club"]
[Date "2020.11.21"]
[Round "3"]
[White "Deng18"]
[Black "IsaiahS"]
[Result "0-1"]
[ICCResult "White checkmated"]
[WhiteElo "1797"]
[BlackElo "388"]
[Opening "French: exchange variation"]
[ECO "C01"]
[NIC "FR.01"]
[Time "19:35:48"]
[TimeControl "4200+10"]

1. e4 e6 2. d4 d5 3. exd5 exd5 4. Nf3 Bg4 5. Be2 Nf6 6. O-O Bd6 7. h3 Bf5 8.
Nc3 O-O 9. Re1 c6 10. Be3 Nbd7 11. Nh4 Be6 12. Nf3 h6 13. a3 Ne4 14. Nxe4
dxe4 15. Nd2 f5 16. Bc4 Bd5 17. Bxd5+ cxd5 18. Nf1 Qb6 19. b3 f4 20. Bc1 Bc7
21. Nh2 Qd6 22. Nf1 f3 23. g3 Qe6 24. Kh2 Rf5 25. h4 Raf8 26. Ne3 Rh5 27.
Kg1 Qh3 28. Qd2 Rxh4 29. gxh4 Qh2+ 30. Kf1 Qh1# {White checkmated} 0-1

[Event "ICC tourney 2150 (70 10)"]
[Site "Internet Chess Club"]
[Date "2020.11.21"]
[Round "3"]
[White "adu711"]
[Black "queenless"]
[Result "1-0"]
[ICCResult "Black checkmated"]
[WhiteElo "1547"]
[BlackElo "1608"]
[Opening "Alekhine's defense"]
[ECO "B02"]
[NIC "AL.10"]
[Time "19:35:55"]
[TimeControl "4200+10"]

1. e4 Nf6 2. e5 Nd5 3. c4 Nb6 4. d4 d6 5. Nf3 g6 6. Bf4 Bg7 7. Nc3 O-O 8.
Qb3 Nc6 9. Rd1 Bg4 10. Be2 e6 11. Ne4 d5 12. cxd5 Qxd5 13. Qxd5 Nxd5 14. Bg5
f6 15. Bxf6 Bxf6 16. Nxf6+ Nxf6 17. exf6 Rxf6 18. Rc1 Rc8 19. Ne5 Nxe5 20.
dxe5 Rf4 21. f3 Bf5 22. g4 Be4 23. fxe4 Rxe4 24. Rf1 Rxe5 25. h4 b6 26. Rd1
Rd5 27. Rf6 Rxd1+ 28. Kxd1 Re8 29. Kd2 Kg7 30. g5 Re7 31. Ke3 c6 32. Bc4 b5
33. Bxe6 a5 34. Kd4 h6 35. Kc5 hxg5 36. hxg5 b4 37. Kxc6 a4 38. Kb5 a3 39.
bxa3 bxa3 40. Kb4 Ra7 41. Bc4 Re7 42. Bd3 Re3 43. Rxg6+ Kf7 44. Rd6 Rg3 45.
g6+ Ke7 46. Rd5 Kf6 47. Kxa3 Ke6 48. Rd4 Ke5 49. Rd8 Kf6 50. Kb3 Kg7 51. a4
Rg5 52. Rd7+ Kh8 53. g7+ Kg8 54. Bc4+ Kh7 55. g8=Q+ Kh6 56. Rh7#
{Black checkmated}
1-0

[Event "ICC tourney 2150 (70 10)"]
[Site "Internet Chess Club"]
[Date "2020.11.21"]
[Round "3"]
[White "Josiah729"]
[Black "Wushukyle"]
[Result "1-0"]
[ICCResult "Black checkmated"]
[WhiteElo "1843"]
[BlackElo "1652"]
[Opening "Four knights: Italian variation"]
[ECO "C47"]
[NIC "RG.01"]
[Time "19:35:55"]
[TimeControl "4200+10"]

1. e4 e5 2. Nf3 Nf6 3. Nc3 Nc6 4. Bc4 Nxe4 5. Nxe4 d5 6. Bxd5 Qxd5 7. Nc3
Qa5 8. h3 Be6 9. Ng5 Bf5 10. O-O h6 11. Nge4 O-O-O 12. d3 Bxe4 13. Nxe4 f5
14. Bd2 Qb6 15. Ng3 e4 16. dxe4 fxe4 17. Qg4+ Kb8 18. Nxe4 Ne5 19. Qe2 Bd6
20. Nxd6 Qxd6 21. Bf4 Rhe8 22. Rad1 Nc6 23. Qxe8 Qxd1 24. Rxd1 Rxe8 25. Rd7
g5 26. Bg3 a5 27. Rxc7 Re1+ 28. Kh2 Ne5 29. Rc5 Ka7 30. Rxe5 Rc1 31. Re2 b5
32. b3 Rb1 33. Be5 h5 34. Kg3 h4+ 35. Kg4 Rg1 36. f3 Ka6 37. Kxg5 Rd1 38.
Kxh4 Kb6 39. g4 Kc5 40. c3 a4 41. Bd4+ Kd5 42. Re5+ Kd6 43. Rxb5 Rb1 44. g5
a3 45. g6 Ke7 46. Rf5 Rxb3 47. axb3 a2 48. c4 Ke6 49. Rf4 Kd6 50. g7 Kc6 51.
g8=Q a1=B 52. Qd5+ Kc7 53. Rf7+ Kc8 54. Qb7+ Kd8 55. Qd7# {Black checkmated}
1-0

[Event "ICC tourney 2150 (70 10)"]
[Site "Internet Chess Club"]
[Date "2020.11.21"]
[Round "3"]
[White "Major606"]
[Black "KyleZhuang"]
[Result "0-1"]
[ICCResult "White resigns"]
[WhiteElo "1698"]
[BlackElo "1642"]
[Opening "King's Indian: Petrosian system"]
[ECO "E92"]
[NIC "KI.17"]
[Time "19:35:50"]
[TimeControl "4200+10"]

1. d4 Nf6 2. c4 g6 3. Nc3 Bg7 4. e4 d6 5. Nf3 O-O 6. Be2 e5 7. d5 Na6 8. O-O
Nc5 9. Qc2 a5 10. Bg5 h6 11. Bh4 g5 12. Bg3 Nh5 13. Nd2 Nf4 14. f3 c6 15.
Nb3 Nxb3 16. Qxb3 a4 17. Qc2 f5 18. Rae1 h5 19. Bf2 g4 20. c5 gxf3 21. Bxf3
cxd5 22. Nxd5 Nxd5 23. exd5 e4 24. Bxh5 Qg5 25. Be2 e3 26. Bg3 f4 27. Bxf4
Rxf4 28. Rxf4 Qxf4 29. Rf1 Qg5 30. cxd6 Bh3 31. Bf3 Rc8 32. Qxa4 e2 33. Re1
Qe3+ 34. Kh1 Qd2 {White resigns} 0-1

[Event "ICC tourney 2150 (70 10)"]
[Site "Internet Chess Club"]
[Date "2020.11.21"]
[Round "3"]
[White "RasulNazriev"]
[Black "SpencerNA"]
[Result "1-0"]
[ICCResult "Black resigns"]
[WhiteElo "358"]
[BlackElo "1446"]
[Opening "Caro-Kann: exchange variation"]
[ECO "B13"]
[NIC "CK.02"]
[Time "19:35:48"]
[TimeControl "4200+10"]

1. e4 c6 2. d4 d5 3. exd5 cxd5 4. h3 Nf6 5. Bd3 Nc6 6. c3 Qb6 7. Nf3 e6 8.
Qc2 Bd6 9. Be3 Bd7 10. Nbd2 Rc8 11. Qb1 Qc7 12. O-O O-O 13. Qd1 Bf4 14. Rc1
Bxe3 15. fxe3 Qg3 16. Re1 a6 17. Qe2 b5 18. a3 Na5 19. e4 dxe4 20. Bxe4 Nxe4
21. Nxe4 Qg6 22. Ne5 Qh6 23. Nxd7 Rfd8 24. Ne5 Nb3 25. Rcd1 Re8 26. Nd6
{Black resigns}
1-0

[Event "ICC tourney 2150 (70 10)"]
[Site "Internet Chess Club"]
[Date "2020.11.21"]
[Round "3"]
[White "prabp"]
[Black "pari538"]
[Result "1-0"]
[ICCResult "Black checkmated"]
[WhiteElo "1599"]
[BlackElo "1634"]
[Opening "Queen's pawn, Mason variation"]
[ECO "D00"]
[NIC "QP.08"]
[Time "19:35:46"]
[TimeControl "4200+10"]

1. d4 d5 2. Bf4 Nf6 3. e3 e6 4. c3 Nbd7 5. Nd2 Be7 6. Ngf3 O-O 7. Bd3 b6 8.
h4 Nh5 9. Bg5 f6 10. Ne5 Qe8 11. Nc6 Bd6 12. Qc2 fxg5 13. Bxh7+ Kh8 14. Bg6
Rf7 15. Bxh5 Nf6 16. hxg5 Kg8 17. gxf6 Qxc6 18. Bxf7+ Kxf7 19. fxg7 Ba6 20.
Qh7 Rg8 21. Rh3 Qb5 22. O-O-O Qe8 23. Qh5+ Ke7 24. Qg5+ Kd7 25. Rdh1 Be7 26.
Qe5 Qf7 27. Nf3 Rxg7 28. Rg3 Bf6 29. Rxg7 Qxg7 30. Qh2 Be2 31. Qh7 Qxh7 32.
Rxh7+ Kd6 33. Kd2 Bf1 34. g3 Bc4 35. a3 Bb5 36. g4 Be8 37. g5 Be7 38. Rh8
Bg6 39. Ne5 Bf5 40. g6 Bf6 41. Rf8 Bxe5 42. dxe5+ Kxe5 43. g7 Bh7 44. g8=Q
Bxg8 45. Rxg8 Kd6 46. Kd3 Kc6 47. Rg6 Kd6 48. f4 Kd7 49. Kd4 Ke7 50. Ke5 Kd7
51. Rxe6 Kc8 52. Kxd5 Kb7 53. f5 Kc8 54. f6 Kb7 55. b4 Ka6 56. a4 Kb7 57. b5
a6 58. f7 axb5 59. axb5 c6+ 60. bxc6+ Ka6 61. c7 Kb5 62. c8=Q Ka4 63. Qa8+
Kb3 64. Rxb6+ Kc2 65. Qa2+ Kd3 66. Qc4+ Kd2 67. Qd4+ Kc2 68. f8=Q Kc1 69.
Qf1+ Kc2 70. Qe2+ Kc1 71. Qed2# {Black checkmated} 1-0

[Event "ICC tourney 2150 (70 10)"]
[Site "Internet Chess Club"]
[Date "2020.11.21"]
[Round "3"]
[White "oregonchessguy"]
[Black "Priyadarsi"]
[Result "0-1"]
[ICCResult "White resigns"]
[WhiteElo "1785"]
[BlackElo "1826"]
[Opening "French: Chigorin variation"]
[ECO "C00"]
[NIC "FR.01"]
[Time "19:35:54"]
[TimeControl "4200+10"]

1. e4 e6 2. Qe2 c5 3. g3 Nc6 4. Nf3 d6 5. Bg2 Nf6 6. O-O Be7 7. d3 O-O 8.
Nc3 a6 9. a4 b6 10. Bf4 Bb7 11. Rfe1 Nd4 12. Qd2 e5 13. Be3 Qd7 14. Nh4 Rfe8
15. b3 Bf8 16. Bxd4 cxd4 17. Ne2 d5 18. exd5 Bxd5 19. Bxd5 Nxd5 20. Qg5 Be7
21. Qf5 Qd6 22. Nf3 Bf6 23. Qe4 Nb4 24. Nexd4 Qd7 25. Nf5 Nxc2 26. Qg4 Kh8
27. Nxe5 Rxe5 28. Rxe5 Bxe5 29. Qe4 Re8 30. Rd1 Nd4 31. Nxd4 Bxd4 32. Qf3
Qe6 33. Rf1 Qxb3 34. Qc6 Qe6 35. Qb7 a5 36. Qf3 h6 37. Kg2 Qd7 38. Kg1 Re6
39. h4 Rf6 40. Qa8+ Kh7 41. Qe4+ g6 42. h5 Qd6 43. hxg6+ fxg6 44. Qb7+ Kg8
45. Qc8+ Rf8 46. Qc4+ Kh8 47. Kg2 Qe5 48. Qc6 Qf5 49. Qc4 Qf3+ 50. Kh3 Bxf2
51. Qc3+ Kh7 52. Qc7+ Rf7 53. Qd6 Qe2 {White resigns} 0-1

[Event "ICC tourney 2150 (70 10)"]
[Site "Internet Chess Club"]
[Date "2020.11.21"]
[Round "3"]
[White "Lowish-Monkey"]
[Black "sushivishwa"]
[Result "0-1"]
[ICCResult "White resigns"]
[WhiteElo "1802"]
[BlackElo "1824"]
[Opening "Ruy Lopez: 5.O-O"]
[ECO "C78"]
[NIC "RL.12"]
[Time "19:35:49"]
[TimeControl "4200+10"]

1. e4 e5 2. Nf3 Nc6 3. Bb5 a6 4. Ba4 Nf6 5. O-O b5 6. Bb3 Bc5 7. c3 d6 8. d4
Bb6 9. h3 O-O 10. Bg5 h6 11. Bh4 g5 12. Bg3 Re8 13. Re1 Bb7 14. Qd2 Nh5 15.
h4 Nf4 16. dxe5 Nxe5 17. Bxf4 gxf4 18. Qxf4 Bxf2+ 19. Kf1 Bxe1 20. Qxh6 Bxe4
21. Ng5 Bd3+ 22. Kg1 Bf2+ 23. Kh1 d5 24. Nd2 Bg6 25. Bd1 Qd6 26. Be2 Bc2 27.
Qh5 Qg6 28. Rf1 Be3 {White resigns} 0-1

[Event "ICC tourney 2150 (70 10)"]
[Site "Internet Chess Club"]
[Date "2020.11.21"]
[Round "3"]
[White "tigertiger2019"]
[Black "zhang01"]
[Result "0-1"]
[ICCResult "White resigns"]
[WhiteElo "1684"]
[BlackElo "1451"]
[Opening "Réti v Dutch"]
[ECO "A04"]
[NIC "QP.11"]
[Time "19:36:05"]
[TimeControl "4200+10"]

1. Nf3 f5 2. g3 Nf6 3. Bg2 e6 4. O-O c6 5. c4 d5 6. cxd5 cxd5 7. d4 Nc6 8.
Nc3 a6 9. a3 h6 10. Bf4 Be7 11. Rc1 Bd7 12. Ne5 Nxe5 13. Bxe5 O-O 14. e3 Ng4
15. Ne2 Nxe5 16. dxe5 Rc8 17. Nd4 Re8 18. Rxc8 Qxc8 19. Qc1 Qxc1 20. Rxc1
Rc8 21. Rxc8+ Bxc8 22. b4 Bd7 23. Nb3 b6 24. Bf1 Bc8 25. Nd4 Kf7 26. Nc6 Ke8
27. Nb8 b5 28. Nc6 Bf8 29. Be2 Bb7 30. Nd4 Kd7 31. Bh5 Ke7 32. Bg6 Ba8 33.
h4 Bb7 34. h5 Bc8 35. Bh7 g5 36. Bg8 Bg7 37. f4 g4 38. Kf1 Bd7 39. Ke2 Bc8
40. Kd2 Bd7 41. Kc2 Bc8 42. Kc3 Bd7 43. Kb3 Bc8 44. a4 Bd7 45. Ka2 bxa4 46.
Ka3 Bf8 47. Ne2 Kd8 48. Nc3 a5 49. Nxa4 Bxb4+ 50. Kb3 Ke8 51. Nb2 Bd2 52.
Nd3 Bxe3 53. Ka3 Ke7 54. Kb3 Bb5 55. Ne1 Bf2 56. Nc2 Bxg3 57. Nd4 Bd7 58.
Ne2 Bh2 59. Nd4 Bxf4 60. Nxf5+ exf5 61. Bxd5 Be6 {White resigns} 0-1

[Event "ICC tourney 2150 (70 10)"]
[Site "Internet Chess Club"]
[Date "2020.11.21"]
[Round "3"]
[White "QueensRule"]
[Black "sujashankar"]
[Result "1-0"]
[ICCResult "Black checkmated"]
[WhiteElo "1662"]
[BlackElo "1728"]
[Opening "Sicilian: Alapin's variation (2.c3)"]
[ECO "B22"]
[NIC "SI.46"]
[Time "19:35:57"]
[TimeControl "4200+10"]

1. e4 c5 2. c3 d6 3. d4 cxd4 4. cxd4 Nf6 5. Nc3 g6 6. Nf3 Bg7 7. Bc4 O-O 8.
Be3 Nc6 9. O-O Bg4 10. h3 Bxf3 11. Qxf3 Rc8 12. Bb3 Nd7 13. Rfd1 Nb6 14.
Rac1 Qd7 15. g4 Rfd8 16. Qxf7+ Kh8 17. Be6 Qc7 18. Nb5 Qb8 19. Bxc8 Rxc8 20.
f4 d5 21. exd5 Rf8 22. Qe6 g5 23. dxc6 bxc6 24. Qxc6 gxf4 25. Bf2 f3 26. Qc7
Qe8 27. Nxa7 Nd5 28. Qc6 Qf7 29. Rf1 Bh6 30. Qxh6 Nf4 31. Qxf8+ Qxf8 32. Rc8
Qxc8 33. Nxc8 e6 34. a4 Nxh3+ 35. Kh2 Ng5 36. a5 e5 37. dxe5 h5 38. gxh5 Nh3
39. Kxh3 Kh7 40. a6 Kg7 41. a7 Kh7 42. a8=Q Kg7 43. Qb7+ Kh8 44. h6 Kg8 45.
Qg7# {Black checkmated} 1-0

[Event "ICC tourney 2150 (70 10)"]
[Site "Internet Chess Club"]
[Date "2020.11.21"]
[Round "3"]
[White "moneymo"]
[Black "uzkuzk"]
[Result "0-1"]
[ICCResult "White checkmated"]
[WhiteElo "1852"]
[BlackElo "1827"]
[Opening "Queen's gambit accepted"]
[ECO "D20"]
[NIC "QG.03"]
[Time "19:35:50"]
[TimeControl "4200+10"]

1. d4 d5 2. c4 dxc4 3. Nc3 a6 4. a4 Nc6 5. d5 Na5 6. e4 Nb3 7. Ra2 Nxc1 8.
Qxc1 e6 9. Bxc4 exd5 10. exd5 Nf6 11. Nge2 Bc5 12. O-O O-O 13. h3 h6 14. Ng3
Bb6 15. b4 Qd6 16. a5 Ba7 17. Kh2 Qxb4 18. Ra4 Qd6 19. Ba2 Bf5 20. Kh1 Bd3
21. Nce4 Nxe4 22. Nxe4 Qg6 23. Re1 Bxe4 24. Rexe4 Rfe8 25. Bb1 Qd6 26. Qe1
Qd7 27. Ra3 Rxe4 28. Qxe4 g6 29. Rf3 Re8 30. Qd3 c6 31. Ba2 Bb8 32. g4 Qd6
33. Rg3 cxd5 34. Qd2 d4 35. Qxh6 Qc6+ 36. Kh2 Bxg3+ 37. Kxg3 Qf6 38. f4 Rc8
39. Bd5 d3 40. g5 Qf5 41. Bf3 d2 42. Bg4 Rc3+ 43. Kh4 Qd3 44. f5 Qg3#
{White checkmated}
0-1

[Event "ICC tourney 2150 (70 10)"]
[Site "Internet Chess Club"]
[Date "2020.11.21"]
[Round "3"]
[White "Zugzwischen"]
[Black "castle2king"]
[Result "1/2-1/2"]
[ICCResult "Game drawn by mutual agreement"]
[WhiteElo "1700"]
[BlackElo "1571"]
[Opening "King's Indian: accelerated Averbakh system"]
[ECO "E70"]
[NIC "KI.51"]
[Time "19:38:51"]
[TimeControl "4200+10"]

1. d4 Nf6 2. c4 g6 3. Nc3 Bg7 4. e4 d6 5. Bg5 O-O 6. f3 Nbd7 7. Qd2 c6 8.
Bh6 e5 9. d5 Nxe4 10. Nxe4 Qh4+ 11. g3 Qxh6 12. Qxh6 Bxh6 13. dxc6 bxc6 14.
Nxd6 Ba6 15. b3 f5 16. b4 Rfb8 17. a3 Bf8 18. Rd1 Rd8 19. Nh3 Nf6 20. c5
Bxf1 21. Rxf1 Bxd6 22. cxd6 Nd5 23. Kf2 Rxd6 24. Rfe1 e4 25. fxe4 fxe4 26.
Ng5 Rf8+ 27. Kg1 e3 28. h4 Rdf6 29. b5 e2 30. Rc1 Rf1+ 31. Rxf1 exf1=Q+ 32.
Rxf1 Rxf1+ 33. Kxf1 cxb5 34. Ke2 a5 35. Kd3 b4 36. axb4 axb4 37. Kc4 Ne3+
38. Kxb4 Nf5 39. Ne4 h6 40. Kc5 Kf7 41. Kd5 h5 42. Ke5 Kg7 43. Kf4 Kh6 44.
Nf6 Nxg3 45. Kxg3 g5 46. Ng8+ Kg7 47. hxg5 Kxg8 48. Kh4 Kg7 49. Kxh5 Kh7 50.
Kh4 Kg6 51. Kg4 Kg7 52. Kf5 Kf7 53. g6+ Kg7 54. Kg5 Kg8 55. Kf6 Kf8
{Game drawn by mutual agreement}
1/2-1/2

[Event "ICC tourney 2150 (70 10)"]
[Site "Internet Chess Club"]
[Date "2020.11.21"]
[Round "3"]
[White "goodcrowdchess"]
[Black "fridanavys1"]
[Result "0-1"]
[ICCResult "White resigns"]
[WhiteElo "1676"]
[BlackElo "1886"]
[Opening "King's Indian: Petrosian system"]
[ECO "E92"]
[NIC "KI.17"]
[Time "19:36:01"]
[TimeControl "4200+10"]

1. e4 g6 2. d4 Bg7 3. Nf3 d6 4. c4 Nf6 5. Nc3 O-O 6. Be2 e5 7. d5 Bg4 8. O-O
Nbd7 9. Be3 a5 10. Qc2 b6 11. a3 Nh5 12. Ne1 Bxe2 13. Nxe2 Nc5 14. f3 f5 15.
Nd3 Nxd3 16. Qxd3 fxe4 17. fxe4 Qd7 18. b4 Rxf1+ 19. Rxf1 axb4 20. axb4 Nf6
21. Bg5 Rf8 22. Nc3 Nh5 23. Be3 Rxf1+ 24. Qxf1 Qg4 25. Bf2 Nf4 26. Kh1 Nh3
27. Bxb6 cxb6 28. gxh3 Qh4 29. Qd3 Qe1+ 30. Kg2 Bh6 31. Qg3 Qd2+ 32. Kh1 Bf4
33. Nb1 Qc2 34. Na3 Qc1+ 35. Qg1 Qxa3 36. Qxb6 Qf3+ 37. Kg1 Be3+ {White
resigns} 0-1

[Event "ICC tourney 2150 (70 10)"]
[Site "Internet Chess Club"]
[Date "2020.11.21"]
[Round "3"]
[White "blueocean07"]
[Black "cayo89"]
[Result "0-1"]
[ICCResult "White checkmated"]
[WhiteElo "1700"]
[BlackElo "1618"]
[Opening "Old Indian defense"]
[ECO "A54"]
[NIC "OI.04"]
[Time "19:36:26"]
[TimeControl "4200+10"]

1. d4 d6 2. c4 Nf6 3. Nc3 Nbd7 4. Nf3 e5 5. dxe5 dxe5 6. Bg5 Be7 7. e3 c6 8.
Bd3 Qc7 9. O-O Nc5 10. Bc2 a5 11. Qe2 Bg4 12. h3 Be6 13. b3 O-O 14. Rad1
Rad8 15. Bh4 h6 16. Bg3 Nfd7 17. Rd2 f5 18. Bh4 Nf6 19. Rfd1 Rxd2 20. Rxd2
Rd8 21. Rxd8+ Bxd8 22. Qd2 Be7 23. Bg3 Bd6 24. Ne2 Nce4 25. Qd1 Nxg3 26.
Nxg3 g6 27. Ne2 g5 28. Qb1 Qd7 29. Qd1 Bc7 30. Qxd7 Bxd7 31. Ne1 Kf7 32. Kf1
h5 33. Nd3 b6 34. Nc3 e4 35. Ne1 Ke6 36. Ke2 Ke5 37. g3 f4 38. Nxe4 Nxe4 39.
Nf3+ Kf6 40. Bxe4 fxg3 41. fxg3 Bxg3 42. Ng1 c5 43. Bg2 g4 44. e4 Bh2 45.
Kf1 Bxg1 46. Kxg1 gxh3 47. Bh1 Ke5 48. Kf2 Bc6 49. Ke3 h4 50. Bf3 h2 51. Bg2
h3 52. Bh1 Be8 53. Bf3 Bh5 54. Bh1 Bg4 55. Kf2 Kf4 56. Kf1 Bf3 57. b4 Bxh1
58. b5 Bg2+ 59. Ke2 Bxe4 60. a4 h1=Q 61. Kf2 Qg2+ 62. Ke1 h2 63. Kd1 h1=R#
{White checkmated}
0-1